 Dungeon Crawl Stone Soup version 0.30-a0-777-ga9a30cbeda (webtiles) character file.

Game seed: 13078161588751951304

86 kingofthe the Conjurer (level 4, -4/27 HPs)
             Began as an Octopode Conjurer on Feb 14, 2023.
             Slain by a hobgoblin (5 damage)
             ... on level 2 of the Dungeon.
             The game lasted 00:05:25 (3157 turns).

kingofthe the Conjurer (Octopode Conjurer)          Turns: 3157, Time: 00:05:25

Health: -4/27      AC:  1    Str:  6    XL:     4   Next: 49%
Magic:  4/8        EV: 13    Int: 20    God:
Gold:   127        SH:  0    Dex: 12    Spells: 4/9 levels left

rFire   . . .      SeeInvis .    k - +3 trident (vamp)
rCold   . . .      Faith    .    (no shield)
rNeg    . . .      Spirit   .    (helmet restricted)
rPois   .          Reflect  .    (no amulet)
rElec   .          Harm     .    (no ring)
rCorr   .          Rampage  .    (no ring)
Will    .....                    (no ring)
Stlth   +++                      (no ring)
HPRegen 0.24/turn                (no ring)
MPRegen 0.11/turn                (no ring)
                                 (no ring)
                                 (no ring)

@: no status effects
A: almost no armour, amphibious, 8 rings, camouflage 1, gelatinous body 1,
(nimble swimmer 1), tentacles
a: no special abilities


You were on level 2 of the Dungeon.
You visited 1 branch of the dungeon, and saw 3 of its levels.

You collected 127 gold pieces.

Inventory:

Hand Weapons
 k - a +3 vampiric trident (weapon)
 p - a +3 dagger
Scrolls
 b - a scroll of teleportation {unknown}
 g - a scroll of enchant weapon {unknown}
 h - a scroll of immolation {unknown}
 i - a scroll of identify {unknown}
 j - a scroll of blinking {unknown}
 l - a scroll of fear {unknown}
 n - a scroll of enchant armour {unknown}
 o - a scroll of poison {unknown}
Potions
 a - a potion of magic
 c - a potion of might {unknown}
 d - a potion of brilliance {unknown}
 e - a potion of degeneration {unknown}
 f - 2 potions of curing
 m - 2 potions of heal wounds {unknown}


   Skills:
 * Level 2.7 Dodging
 + Level 3.6 Stealth
 + Level 3.0 Spellcasting
 + Level 4.4 Conjurations
 * Level 0.4 Translocations


You had 4 spell levels left.
You knew the following spells:

 Your Spells              Type           Power      Damage    Failure   Level
a - Magic Dart            Conj           80%        1d7       2%          1
b - Searing Ray           Conj           40%        2d5       3%          2
c - Blink                 Tloc           8%         N/A       19%         2

Your spell library contained the following spells:

 Spells                   Type           Power      Damage    Failure   Level
 Dazzling Flash           Conj/Hex       22%        N/A       17%         3
 Iskenderun's Mystic Bla  Conj/Tloc      12%        2d5       45%         4
 Fulminant Prism          Conj/Hex       5%         3d6       50%         4
 Manifold Assault         Tloc           4%         N/A       75%         4
 Storm Form               Tmut/Air       1%         N/A       100%        7


Dungeon Overview and Level Annotations

Branches:
Dungeon (3/15)

Altars:
Okawaru
Yredelemnul

Annotations:
D:2 Ijyb


Innate Abilities, Weirdness & Mutations

You cannot wear most types of armour.
You are amphibious.
You can wear up to eight rings at the same time.
Your skin changes colour to match your surroundings (Stealth+).
Your rubbery body absorbs attacks. (AC +1, EV +1)
((You are camouflaged when in or above water. (Stealth+)))
You have tentacles for arms and can constrict up to eight enemies at once.


Message History

Aiming: Searing Ray (safe; 3% risk of failure)
Press: ? - help, Shift-Dir - straight line, f - Ijyb
Aim: Ijyb, wielding a +0 dagger, wearing a +0 ring mail and carrying a wand of roots (7) (75% to hit)
The searing ray hits Ijyb but does no damage.
The searing ray hits the hobgoblin.
The hobgoblin is severely wounded. (Press . to maintain the ray.)
The searing ray hits Ijyb.
Ijyb is moderately wounded.
The searing ray misses the hobgoblin.
The searing ray hits Ijyb but does no damage.
Ijyb is moderately wounded.
The searing ray misses the hobgoblin.
Ijyb hits you with a +0 dagger.
The searing ray hits Ijyb.
Ijyb is heavily wounded.
You finish channelling your searing ray.
Ijyb hits you with a +0 dagger. The hobgoblin hits you.
Ijyb hits you with a +0 dagger.
The hobgoblin hits you but does no damage.
You climb upwards.
There is a stone staircase leading down here.
The hobgoblin hits you.
Ijyb zaps a wand.
The roots erupt in riotous growth!
The grasping roots grab you!
The hobgoblin is unaffected.
Ijyb is unaffected.
The grasping roots constrict you.
You escape the roots grasp.
Ijyb zaps a wand.
The roots erupt in riotous growth!
The grasping roots grab you!
Ijyb is unaffected.
The hobgoblin is unaffected.
The grasping roots constrict you.
* * * LOW HITPOINT WARNING * * *
The roots grasp on you weakens, but your attempt to escape fails.
The hobgoblin closely misses you. Ijyb closely misses you.
The grasping roots constrict you.
* * * LOW HITPOINT WARNING * * *
You escape the roots grasp.
Ijyb attacks as you move away! Ijyb hits you with a +0 dagger.
* * * LOW HITPOINT WARNING * * *
The hobgoblin attacks as you move away! The hobgoblin hits you.
You die...

## #####'########### #.##
#.# #...............# #.#
#.#
####.........).....#####.#
#.#
bbP#...............##...)#
#.#
####.......#########..####
#.# .....####'## #####.##
##.# ###### #..#####.....#
#..# .P.#
##......g.#############.##
.###
##..####>g@...........##.#
.# ####..##
##############.##.##
####....## #.##.#.
.....#### #.##.#. ######
#.##.#. #.##.## #.##.#
#....# ######


You could see Ijyb and a hobgoblin.

Vanquished Creatures
  Robin (D:2)
  2 orcs (D:3)
  3 ball pythons
  5 bats
  5 endoplasms
  4 giant cockroaches
  16 goblins
  8 hobgoblins
  2 jackals (D:1)
  6 kobolds
  3 quokkas
  A frilled lizard (D:1)
  4 rats
60 creatures vanquished.

Notes
Turn   | Place    | Note
-------+----------+-------------------------------------------
     0 | D:1      | kingofthe the Octopode Conjurer began the quest for the
                  | Orb.
     0 | D:1      | Reached XP level 1. HP: 11/11 MP: 3/3
   237 | D:1      | Reached XP level 2. HP: 17/17 MP: 0/5
   293 | D:1      | Learned a level 2 spell: Searing Ray
   497 | D:1      | Found a faded altar of an unknown god.
   779 | D:1      | Reached XP level 3. HP: 21/21 MP: 1/6
  1332 | D:1      | Found a faded altar of an unknown god.
  1525 | D:2      | Found an iron altar of Okawaru.
  2356 | D:2      | Noticed Robin
  2495 | D:2      | Killed Robin
  2496 | D:2      | Reached XP level 4. HP: 23/27 MP: 1/8
  2873 | D:3      | Found a basalt altar of Yredelemnul.
  2939 | D:3      | Learned a level 2 spell: Blink
  3113 | D:3      | Noticed Ijyb
  3157 | D:2      | HP: 1/27 [Ijyb/+0 dagger (3)]
  3157 | D:2      | Slain by a hobgoblin

Illustrated notes

Levels and vault maps discovered:
D:1:      dpeg_arrival_chambers_temple_mockup, layout_rooms,
          chequers_ecumenical_altar_simple_redux, minmay_pentomino_x2
D:2:      layout_basic, serial_aquarium, aquarium_bridge_square
          [aquarium_subvault_window, aquarium_subvault_bridge,
          aquarium_subvault_balcony, aquarium_subvault_bridge],
          aquarium_bridge_straight [aquarium_subvault_bridge,
          aquarium_subvault_window, aquarium_subvault_bridge,
          aquarium_subvault_balcony], aquarium_window_1,
          aquarium_window_corridor_3, aquarium_window_1, aquarium_view_2b,
          aquarium_view_2c, aquarium_balcony_5b, aquarium_pool_four,
          basic_altar, uniq_robin
D:3:      layout_rooms, yredelemnul_altar_generic, lightli_temple_of_fire,
          nicolae_goblin_pals, uniq_ijyb

Skill      XL: |  1  2  3  4 |
---------------+-------------+-----
Stealth        | 3 |  3.6
Spellcasting   | 3 |  3.0
Dodging        | |  2.7
Conjurations   | |  4.4
Translocations | |  0.4

Action                     |  1- 3 |  4- 6 || total
---------------------------+-------+-------++-------
  Melee: Unarmed           |    15 |       ||    15
         Constrict         |     4 |     2 ||     6
         Tentacles         |     3 |     1 ||     4
         Trident           |     3 |     5 ||     8
   Cast: Magic Dart        |    69 |    29 ||    98
         Searing Ray       |     6 |     2 ||     8
 Armour: Skin              |     3 |     1 ||     4
  Dodge: Dodged            |    17 |    11 ||    28

Table legend: (Time is in decaauts)
 A = Elapsed time spent in this place.
 B = Non-inter-level travel time spent in this place.
 C = Inter-level travel time spent in this place.
 D = Time resting spent in this place.
 E = Time spent auto-exploring this place.
 F = Levels seen in this place.
 G = Mean time per level.
                   A        B        C        D        E       F      G
               +--------+--------+--------+--------+--------+-----+--------+
         Total |   3160 |   3138 |     22 |    401 |   2407 |   3 | 1053.3 |
       Dungeon |   3160 |   3138 |     22 |    401 |   2407 |   3 | 1053.3 |
               +--------+--------+--------+--------+--------+-----+--------+

Top non-repeatable levels by time:
     D:1: 1524 daAuts
     D:2: 1089 daAuts
     D:3: 546 daAuts
